 Dungeon Crawl Stone Soup version 0.28.0-43-g3370ac3207 (webtiles) character file.

Game seed: 5454713195944650021

188 boopmooplesden the Skirmisher (level 5, 0/48 HPs)
             Began as a Minotaur Berserker on Mar 2, 2022.
             Was a Believer of Trog.
             Slain by Grinder (6 damage)
             ... on level 4 of the Dungeon.
             The game lasted 00:03:05 (2501 turns).

boopmooplesden the Skirmisher (Minotaur Berserker)  Turns: 2501, Time: 00:03:05

Health: 0/48       AC:  2    Str: 24    XL:     5   Next: 39%
Magic:  4/4        EV: 12    Int:  4    God:    Trog [**....]
Gold:   103        SH:  0    Dex:  9    Spells: 4/4 levels left

rFire   . . .      SeeInvis .   a - +0 hand axe
rCold   . . .      Faith    .   (no shield)
rNeg    . . .      Spirit   .   b - +0 animal skin
rPois   .          Reflect  .   (helmet restricted)
rElec   .          Harm     .   (no cloak)
rCorr   .          Rampage  .   (no gloves)
Will    .....                   (no boots)
Stlth   +.........              (no amulet)
HPRegen 0.16/turn               (no ring)
MPRegen 0.09/turn               (no ring)

@: attractive
A: horns 2, retaliatory headbutt
a: Renounce Religion, Berserk, Trog's Hand


You were on level 4 of the Dungeon.
You worshipped Trog.
Trog was pleased with you.
You visited 1 branch of the dungeon, and saw 4 of its levels.

You collected 103 gold pieces.

Inventory:

Hand Weapons
 a - a +0 hand axe (weapon)
Missiles
 e - a throwing net (quivered)
Armour
 b - a +0 animal skin (worn)
 h - a +2 pair of boots
 i - a +0 pair of gloves
Wands
 m - a wand of iceblast (5)
Scrolls
 d - a scroll of identify
 f - a scroll of teleportation
 g - 2 scrolls of holy word
 j - a scroll of amnesia
 k - a scroll of enchant armour


   Skills:
 + Level 5.2 Fighting
 + Level 5.1 Axes
 + Level 3.0 Armour
 + Level 3.3 Dodging
 + Level 0.7 Stealth


You had 4 spell levels left.
You didn't know any spells.
Your spell library was empty.

Dungeon Overview and Level Annotations

Branches:
Dungeon (4/15)
 Temple: D:4-7

Altars:

Shops:
D:1 *

Annotations:
D:4 Grinder


Innate Abilities, Weirdness & Mutations

You have a pair of horns on your head.
You reflexively headbutt those who attack you in melee.


Message History

Pain shoots through your body!
You closely miss Grinder. Your headbutt misses Grinder.
Grinder is moderately wounded.
You feel sick.
Grinder blinks!
You feel sick.
Grinder blinks!
You feel sick.
You are no longer poisoned.
You're still recovering from your berserk rage.
Grinder hits you.
You barely miss Grinder.
Grinder is lightly wounded.
You feel yourself speed up. Grinder gestures at you.
You suddenly lose the ability to move!
Grinder hits you.
* * * LOW HITPOINT WARNING * * *
You writhe in agony.
* * * LOW HITPOINT WARNING * * *
Grinder blinks! x2
You can move again.
It was a potion of attraction.
You feel attractive to monsters.
It was a potion of curing.
You feel better. Grinder is attracted toward you.
You hit Grinder.
Grinder is moderately wounded.
Grinder misses you.
Okay, then.
You barely miss Grinder. Your headbutt misses Grinder.
Grinder is moderately wounded.
You recover from your berserk rage.
Grinder closely misses you.
You hit Grinder.
Grinder is moderately wounded.
Grinder blinks!
Grinder is attracted toward you.
You barely miss Grinder.
Grinder is moderately wounded.
Grinder hits you!
* * * LOW HITPOINT WARNING * * *
You writhe in agony.
You die...

#.# #<# #.# #.# #.# #####
###########.# #...#
#...........# #...#
#.################...# ##.###
#..>...5@§.:..# #.)..#
###.§.######.## #####
#....######...........##.....$
#....##................'.S....
##'####.###.#.#######.##.....$
#........#.#.# #..# .....
####.....#.#.# ##.# h...
#...###.#.# #.# ###
#.......#.. #).#


You could see Grinder.

Vanquished Creatures
  An ogre (D:4)
  5 adders
  A worm (D:2)
  A dart slug (D:1)
  An orc (D:3)
  6 endoplasms
  4 giant cockroaches
  5 goblins
  8 hobgoblins
  2 quokkas
  6 ball pythons
  9 bats
  2 frilled lizards
  2 kobolds
  2 rats (D:1)
55 creatures vanquished.

Notes
Turn   | Place    | Note
-------+----------+-------------------------------------------
     0 | D:1      | boopmooplesden the Minotaur Berserker began the quest for
                  | the Orb.
     0 | D:1      | Reached XP level 1. HP: 19/19 MP: 0/0
   354 | D:1      | Reached XP level 2. HP: 26/27 MP: 1/1
   383 | D:1      | Found a faded altar of an unknown god.
   532 | D:1      | Found Atwammuy's General Store.
   543 | D:1      | Reached ** piety under Trog
   813 | D:1      | Reached XP level 3. HP: 34/34 MP: 2/2
  1336 | D:2      | Reached XP level 4. HP: 27/41 MP: 3/3
  2460 | D:4      | Noticed an ogre
  2466 | D:4      | Killed an ogre
  2467 | D:4      | Reached skill level 5 in Fighting
  2467 | D:4      | Reached skill level 5 in Axes
  2467 | D:4      | Reached XP level 5. HP: 48/48 MP: 4/4
  2474 | D:4      | Noticed Grinder
  2490 | D:4      | Paralysed by Grinder for 4 turns
  2501 | D:4      | Slain by Grinder

Illustrated notes

Levels and vault maps discovered:
D:1:      sevenhm_arrival_forest_fort_small_4, layout_rooms,
          shapermc_ecumenical_altar_starsandcircs, serial_shops, shop
D:2:      layout_basic, serial_glass, glass_columns_c, glass_columns_a,
          glass_columns_b, glass_columns_a, glass_columns_c, glass_columns_b,
          glass_columns_a, glass_columns_a, glass_columns_c, glass_columns_b,
          feat_on_display, item_on_display_a, item_on_display_a,
          minmay_strange_pillars, st_stairs_11
D:3:      layout_rooms
D:4:      layout_basic, minmay_temple_entry_mist, uniq_grinder, uniq_menkaure

Skill      XL: |  1  2  3  4 |
---------------+-------------+-----
Fighting       | 4 5 |  5.2
Axes           | 4 5 |  5.1
Armour         | 3 |  3.0
Dodging        | 3 |  3.3
Stealth        | |  0.7

Action                   |  1- 3 |  4- 6 || total
-------------------------+-------+-------++-------
Melee: Hand axe          |    68 |    31 ||    99
       Headbutt          |    17 |     4 ||    21
Invok: Berserk           |       |     1 ||     1
  Use: Scroll            |       |     6 ||     6
       Potion            |       |     2 ||     2
 Stab: Sleeping          |     1 |       ||     1
Armor: Animal skin       |    17 |     3 ||    20
Dodge: Dodged            |    69 |    17 ||    86
